 Dungeon Crawl Stone Soup version 0.30-a0-728-gc68057be0a (webtiles) character file.

Game seed: 12477639343871555361

14989 drugrobin the Martial Artist (level 11, -24/83 HPs)
             Began as a Demigod Delver on Feb 1, 2023.
             Annihilated by a komodo dragon (26 damage)
             ... on level 2 of the Lair of Beasts.
             The game lasted 00:42:15 (16536 turns).

drugrobin the Martial Artist (Demigod Delver)      Turns: 16536, Time: 00:42:16

Health: -24/83     AC:  9    Str: 12 (13) XL:     11   Next: 64%
Magic:  0/14       EV: 18    Int: 18      God:
Gold:   530        SH:  0    Dex: 26 (27) Spells: 8/10 levels left

rFire   + + .      SeeInvis .      - Unarmed
rCold   . . .      Faith    .    (no shield)
rNeg    . . .      Spirit   +    A - +5 ring mail "Magakefi" {rF+}
rPois   .          Reflect  .    y - +0 helmet
rElec   .          Harm     .    x - +0 cloak
rCorr   .          Rampage  .    (no gloves)
Will    +....                    (no boots)
Stlth   +++                      u - amulet of guardian spirit
HPRegen 0.33/turn                n - ring of protection from fire
MPRegen 0.14/turn                O - +6 ring of intelligence

@: no status effects
A: high MP 1, forlorn, divine attributes, deformed body, deterioration 1
a: no special abilities


You were on level 2 of the Lair of Beasts.
You visited 2 branches of the dungeon, and saw 13 of its levels.

You collected 926 gold pieces.
You spent 396 gold pieces at shops.

Inventory:

Hand Weapons
 b - the +5 shortbow "Catib" {freeze, Str+3}
   (You took it off a gnoll on level 4 of the Dungeon)

   Str:       It affects your strength (+3).
 c - a +2 dagger of draining
 d - a +4 dagger of chaos
Missiles
 E - 10 boomerangs
 F - a boomerang of dispersal
 H - 25 poisoned darts (quivered)
Armour
 x - a +0 cloak (worn)
 y - a +0 helmet (worn)
 A - the +5 ring mail "Magakefi" (worn) {rF+}
   (You found it on level 2 of the Dungeon)

   rF:        It protects you from fire.
 M - a scarf of repulsion
Jewellery
 n - a ring of protection from fire (left hand)
 s - a ring of flight
 u - an amulet of guardian spirit (around neck)
 O - a +6 ring of intelligence (right hand)
 S - a ring of see invisible
Wands
 f - a wand of digging (3)
 g - a wand of flame (24)
 m - a wand of mindburst (2)
 r - a wand of charming (10)
 v - a wand of light (3)
 R - a wand of polymorph (10)
Scrolls
 i - 3 scrolls of poison
 j - 2 scrolls of identify
 k - 5 scrolls of immolation
 p - 3 scrolls of blinking
 q - 3 scrolls of torment
 w - 5 scrolls of vulnerability
 D - 3 scrolls of fog
 G - 6 scrolls of teleportation
 I - 2 scrolls of magic mapping
 P - 3 scrolls of fear
Potions
 a - 6 potions of heal wounds
 e - 3 potions of haste
 h - a potion of cancellation
 l - 3 potions of might
 o - 6 potions of curing
 t - a potion of attraction
 z - 2 potions of berserk rage
 C - 2 potions of lignification
 J - 3 potions of resistance
 L - 4 potions of ambrosia
 U - a potion of flight
Miscellaneous
 B - a phantom mirror (inert)
 Q - a condenser vane


   Skills:
 + Level 3.7 Fighting
 - Level 10.0 Dodging
 - Level 4.5 Stealth
 * Level 14.8 Unarmed Combat


You had 8 spell levels left.
You knew the following spells:

 Your Spells              Type           Power      Damage    Failure   Level
a - Poisonous Vapours     Pois/Air       0%         N/A       58%         2

Your spell library contained the following spells:

 Spells                   Type           Power      Damage    Failure   Level
 Necrotise                Necr           0%         1d4       45%         1
 Sting                    Tmut/Pois      0%         1d3       45%         1
 Cigotuvi's Dreadful Rot  Necr/Pois/Air  0%         N/A       58%         2
 Ensorcelled Hibernation  Hex/Ice        0%         N/A       58%         2
 Gell's Gravitas          Tloc           0%         N/A       83%         3
 Ignite Poison            Fire/Tmut/Pois 0%         N/A       83%         3
 Inner Flame              Hex/Fire       0%         N/A       83%         3
 Mephitic Cloud           Conj/Pois/Air  0%         N/A       83%         3
 Ozocubu's Armour         Ice            0%         N/A       83%         3
 Spider Form              Tmut/Pois      0%         N/A       83%         3
 Summon Guardian Golem    Hex/Summ       0%         N/A       83%         3
 Teleport Other           Tloc           0%         N/A       83%         3
 Vampiric Draining        Necr           0%         2d6       83%         3
 Anguish                  Hex/Necr       0%         N/A       99%         4
 Cause Fear               Hex            0%         N/A       99%         4
 Olgreb's Toxic Radiance  Pois           0%         N/A       99%         4
 Sticky Flame             Conj/Fire      0%         2d3       99%         4
 Agony                    Necr           0%         N/A       100%        5
 Fireball                 Conj/Fire      0%         3d3       100%        5
 Iskenderun's Battlesphe  Conj           0%         2d6       100%        5
 Yara's Violent Unravell  Hex/Tmut       0%         3d3       100%        5
 Conjure Ball Lightning   Conj/Air       0%         3x3d6     100%        6
 Dispersal                Tloc           0%         N/A       100%        6
 Enfeeble                 Hex            0%         N/A       100%        7
 Orb of Destruction       Conj           0%         9d5       100%        7
 Ozocubu's Refrigeration  Ice            0%         4d7       100%        7
 Spellforged Servitor     Conj/Summ      0%         N/A       100%        7
 Discord                  Hex            0%         N/A       100%        8
 Ignition                 Fire           0%         3d3       100%        8


Dungeon Overview and Level Annotations

Branches:
Dungeon (11/15)            Temple (0/1) D:5            Lair (2/5) D:8
  Swamp (0/4) Lair:2        Snake (0/4) Lair:2
    Orc: D:9-12

Shops:
D:6 (   D:9 ?

Annotations:
D:6 Dowan, Duvessa
D:11 Erolcha


Innate Abilities, Weirdness & Mutations

You have an increased reservoir of magic. (+10% MP)
You shall have no god before yourself.
Your divine heritage dramatically boosts your attributes as you level up.
Armour fits poorly on your strangely shaped body.
Your body sometimes deteriorates upon taking damage.


Message History

You punch the komodo dragon!
The komodo dragon is heavily wounded.
The komodo dragon bites you!!
You hit the komodo dragon but do no damage.
The komodo dragon is heavily wounded.
You barely miss the komodo dragon.
The komodo dragon is heavily wounded.
The komodo dragon misses you.
You pummel the komodo dragon!!
The komodo dragon is almost dead.
The komodo dragon misses you.
You barely miss the komodo dragon.
The komodo dragon is almost dead.
The komodo dragon bites you!
* * * LOW HITPOINT WARNING * * *
Unknown command.
Unknown command.
You barely miss the komodo dragon.
The komodo dragon is almost dead.
Unknown command.
Unknown command.
You hit the komodo dragon but do no damage.
The komodo dragon is almost dead.
The komodo dragon bites you.
* * * LOW HITPOINT WARNING * * *
Unknown command.
Unknown command.
You completely miss the komodo dragon.
You punch the komodo dragon, but do no damage.
The komodo dragon is almost dead.
The komodo dragon bites you!!
* * * LOW HITPOINT WARNING * * *
Unknown command.
Unknown command.
Aiming: Bolt of Light
Press: ? - help, Shift-Dir - straight line, f - komodo dragon
Aim: a komodo dragon (almost dead, 79% to hit)
The bolt of light misses the komodo dragon.
The komodo dragon bites you!!
You die...

#?.≈≈≈~.. .# #..~~≈.>~
.#.# #..~~~~~. ....
#..~~≈≈≈≈ #. #...
P..~~~≈≈≈ #... #.#.
#..~~~~≈~ ##..
#..###......~~
#P..###.#^##.....P#
#.......@†......##
#........l.........
#........~~~~~~.....
#......P~~~~~~~...... #
#......~~~...~~~..... ##.
#...#.)~~...~.~~~##.###..
#.....~~~......~~##.#...#
##.....~~~..>..[~~...#...#
#......~~....~.~~~...#....


You could see a komodo dragon.

Vanquished Creatures
  Harold (D:10)
  A two-headed ogre (D:8)
  2 black mambas
  Psyche (D:8)
  A gargoyle (D:9)
  3 cane toads (Lair:1)
  5 komodo dragons
  A troll (D:10)
  A merfolk (shapeshifter) (D:10)
  A polar bear (Lair:2)
  8 blink frogs
  Grinder (D:3)
  Prince Ribbit (D:6)
  A slime creature (D:10)
  A wyvern (Lair:1)
  A shadow (D:8)
  10 yaks
  A steam dragon (D:9)
  2 wraiths (D:10)
  A naga (Lair:2)
  An acid dragon (D:10)
  6 water moccasins
  An orc warrior (D:8)
  3 black bears
  5 sky beasts
  A centaur (D:9)
  3 ogres
  6 wolves (Lair:1)
  A phantom (D:4)
  2 bullfrogs (D:8)
  2 kobold brigands
  Blork the orc (D:6)
  2 necrophages
  A gnoll sergeant (D:7)
  2 scorpions
  13 wights
  10 killer bees
  6 howler monkeys
  A hound (D:5)
  3 gnoll boudas
  3 orc priests
  Terence (D:2)
  2 jellies
  5 iguanas
  7 orc wizards
  Robin (D:2)
  17 gnolls
  13 adders
  3 ufetubi
  2 worms
  3 dart slugs
  29 orcs
  9 bats
  A bat skeleton (D:2)
  7 endoplasms
  4 giant cockroaches
  12 goblins
  12 hobgoblins
  A jackal (D:4)
  10 kobolds
  5 quokkas
  6 ball pythons
  A ball python skeleton (D:2)
  6 frilled lizards
  3 rats (D:1)
277 creatures vanquished.

Vanquished Creatures (others)
  10 fungi
  28 plants
  5 toadstools (D:8)
  3 withered plants (D:2)
46 creatures vanquished.

Grand Total: 323 creatures vanquished

Notes
Turn   | Place    | Note
-------+----------+-------------------------------------------
     0 | D:5      | drugrobin the Demigod Delver began the quest for the Orb.
     0 | D:5      | Reached XP level 1. HP: 18/18 MP: 3/3
    34 | D:5      | Noticed an ogre
   151 | D:5      | Reached skill level 2 in Unarmed Combat
   291 | D:5      | Noticed a scorpion
   300 | D:5      | Killed a scorpion
   301 | D:5      | Reached skill level 3 in Unarmed Combat
   301 | D:5      | Reached XP level 2. HP: 8/25 MP: 4/4
   301 | D:5      | Reached XP level 3. HP: 10/30 MP: 5/5
   426 | D:5      | Reached skill level 4 in Unarmed Combat
   452 | D:5      | Noticed an ogre
   511 | D:4      | Reached XP level 4. HP: 36/37 MP: 6/6
   604 | D:4      | Noticed a necrophage
   802 | D:3      | Noticed Grinder
  1555 | D:1      | Learned a level 2 spell: Poisonous Vapours
  1660 | D:2      | Noticed Robin
  1708 | D:2      | Reached XP level 5. HP: 25/42 MP: 4/7
  1715 | D:2      | Noticed Terence
  2153 | D:2      | Killed Robin
  2154 | D:2      | Reached skill level 5 in Unarmed Combat
  2205 | D:2      | Identified the +5 ring mail "Magakefi" {rF+}
  3168 | D:4      | Reached XP level 6. HP: 27/50 MP: 5/8
  3190 | D:4      | Gained mutation: Armour fits poorly on your strangely
                  | shaped body. [potion of mutation]
  3190 | D:4      | Gained mutation: Your body sometimes deteriorates upon
                  | taking damage. [potion of mutation]
  3440 | D:4      | Reached skill level 6 in Unarmed Combat
  3621 | D:4      | Identified the +5 shortbow "Catib" {freeze, Str+3}
  3937 | D:4      | Reached XP level 7. HP: 48/49 MP: 9/9
  4373 | D:2      | Killed Terence
  4968 | D:3      | Paralysed by Grinder for 4 turns
  4980 | D:3      | Killed Grinder
  4981 | D:3      | Reached skill level 7 in Unarmed Combat
  5721 | D:5      | Found a staircase to the Ecumenical Temple.
  6090 | D:5      | Reached XP level 8. HP: 58/62 MP: 8/10
  6112 | D:5      | Reached skill level 8 in Unarmed Combat
  6243 | D:6      | Found Ritsular's Weapon Boutique.
  6255 | D:6      | Reached skill level 5 in Dodging
  6355 | D:6      | Noticed Duvessa
  6355 | D:6      | Noticed Dowan
  6494 | D:6      | Reached skill level 9 in Unarmed Combat
  6836 | D:6      | Noticed Blork the orc
  6848 | D:6      | Killed Blork the orc
  7057 | D:6      | Noticed Prince Ribbit
  7267 | D:7      | Reached XP level 9. HP: 44/68 MP: 6/11
  7617 | D:7      | Reached skill level 10 in Unarmed Combat
  8107 | D:7      | Identified the +1 chain mail "Tuonk" {rPois Will+}
  8974 | D:7      | Reached skill level 11 in Unarmed Combat
  9296 | D:6      | Killed Prince Ribbit
  9656 | D:8      | Found a staircase to the Lair.
  9755 | D:8      | Noticed Psyche
  9764 | D:8      | Killed Psyche
  9765 | D:8      | Reached XP level 10. HP: 62/74 MP: 11/13
 10687 | D:9      | Noticed a two-headed ogre
 10794 | D:8      | Reached skill level 12 in Unarmed Combat
 10961 | D:9      | Found Tuvodd's Magic Scroll Emporium.
 10968 | D:9      | Bought a scroll of amnesia for 48 gold pieces
 10968 | D:9      | Bought a scroll of identify for 24 gold pieces
 10968 | D:9      | Bought a scroll of teleportation for 36 gold pieces
 10968 | D:9      | Bought 2 scrolls of immolation for 96 gold pieces
 10968 | D:9      | Bought a scroll of vulnerability for 48 gold pieces
 10968 | D:9      | Bought a scroll of fear for 48 gold pieces
 10968 | D:9      | Bought a scroll of identify for 24 gold pieces
 10968 | D:9      | Bought a scroll of identify for 24 gold pieces
 10968 | D:9      | Bought a scroll of identify for 24 gold pieces
 10968 | D:9      | Bought a scroll of identify for 24 gold pieces
 11313 | D:8      | Killed a two-headed ogre
 11428 | D:10     | Entered Level 10 of the Dungeon
 12919 | D:11     | Noticed Erolcha
 12930 | D:11     | Noticed a shining eye
 13006 | D:10     | Reached skill level 13 in Unarmed Combat
 13135 | D:11     | Noticed Harold
 13211 | D:11     | Noticed a boulder beetle
 13233 | D:10     | Killed Harold
 13783 | D:11     | Identified the +1 war axe of Ragnarok {pain, *Slow rPois
                  | rF+ Stlth+}
 13783 | D:11     | Noticed a tengu warrior
 14071 | Lair:1   | Entered Level 1 of the Lair of Beasts
 14078 | Lair:1   | Reached XP level 11. HP: 71/81 MP: 11/14
 14796 | Lair:1   | Reached skill level 14 in Unarmed Combat
 15562 | Lair:2   | Noticed a boulder beetle
 15808 | Lair:2   | Reached skill level 10 in Dodging
 16063 | Lair:2   | Found a staircase to the Swamp.
 16435 | Lair:2   | Found a staircase to the Snake Pit.
 16535 | Lair:2   | HP: 1/83 [komodo dragon (15)]
 16536 | Lair:2   | Annihilated by a komodo dragon

Illustrated notes

Levels and vault maps discovered:
D:1:      sevenhm_arrival_forest_fort_small_5, layout_basic,
          minmay_misc_feat_enclosed, amethyst_killhole, minmay_misc_feat_doors
D:2:      layout_basic, serial_undead, serial_undead_d, serial_undead_c,
          serial_undead_b, serial_undead_b, uniq_robin, uniq_terence
D:3:      layout_rooms, mainiacjoe_overflow_alcove_4, dk_vineyard_3,
          uniq_grinder
D:4:      minmay_opposing_rooms, layout_cave_pools, serial_rivers,
          chequers_serial_rivers_large_b, chequers_serial_rivers_marsh,
          chequers_serial_rivers_small_a, chequers_serial_rivers_marsh,
          chequers_serial_rivers_micro_b
D:5:      layout_cave_pools, nicolae_qazlal_general_emergency,
          okawaru_altar_gauntlet_db, minmay_temple_entry_overgrown,
          hangedman_decor_slide_cut
D:6:      layout_gridville, grunt_dithmenos_smoke, serial_shops, shop_statue,
          abandoned_shop, kennysheep_generic_room_12, uniq_blork_the_orc,
          uniq_prince_ribbit1, uniq_duvessa
D:7:      layout_layer_cave, mainiacjoe_overflow_small_starburst,
          kennysheep_ying_yang, serial_co_window_serial, co_window_paths_a,
          co_window_corner_a, co_window_paths_a, co_window_paths_a,
          co_window_corner_a, co_window_of_opportunity_b, co_window_corner_b,
          co_window_corner_cb, co_window_2corner, co_window_4corner_a,
          glass_columns_c
D:8:      layout_basic, lair_entry_dummy, minmay_gold_behind_fungi, uniq_psyche
D:9:      layout_rooms, nicolae_ru_the_path_less_chosen, serial_shops, shop
D:10:     layout_stronghold
D:11:     minmay_the_grid_octo_tiled_squarecenter_mashed
          [minmay_the_grid_octo_tetromino_candy,
          minmay_the_grid_octo_thin_diamonds, minmay_the_grid_octo_77,
          minmay_the_grid_octo_clover_2,
          minmay_the_grid_square_5x5_megaprize_open,
          minmay_the_grid_square_5x5_bite,
          minmay_the_grid_square_5x5_beaten_path,
          minmay_the_grid_square_5x5_half_checkered,
          minmay_the_grid_square_5x5_minimal], layout_layer_cave,
          hellmonk_guarded_unrand_frostbite, uniq_erolcha, uniq_harold
Lair:1:   layout_hall_layers, minivault_23, serial_bayou_pond_c
Lair:2:   layout_regular_city, minmay_swamp_entry_worms,
          guppyfry_snake_entry_island, ebering_ghost_rock_garden,
          chequers_serial_rivers_micro_a, grunt_megastairs_2,
          infiniplex_staircase_pool_2

Skill      XL: |  1  2  3  4  5  6  7  8  9 10 11 |
---------------+----------------------------------+-----
Unarmed Combat | 3 4 5 6 7 9 11 13 14 | 14.8
Dodging        | 2 3 4 6 7 9 10 | 10.0
Fighting       | 3 |  3.7
Stealth        | |  4.5

Action                     |  1- 3 |  4- 6 |  7- 9 | 10-12 || total
---------------------------+-------+-------+-------+-------++-------
  Melee: Unarmed           |    19 |   373 |   306 |   378 ||  1076
         Punch             |       |     9 |    20 |    43 ||    72
         Dagger            |       |     3 |    42 |     2 ||    47
         Shortbow          |       |       |     3 |       ||     3
   Fire: Shortbow          |       |    13 |   147 |    87 ||   247
  Throw: Dart              |       |       |    11 |    14 ||    25
         Boomerang         |       |       |     1 |     1 ||     2
         Throwing net      |       |       |       |     5 ||     5
   Cast: Poisonous Vapours |       |     1 |       |       ||     1
  Evoke: Wand              |     8 |     1 |     5 |     8 ||    22
         Phantom mirror    |       |       |       |     1 ||     1
    Use: Potion            |       |     2 |       |       ||     2
         Scroll            |       |       |     1 |    16 ||    17
   Stab: Sleeping          |       |    21 |       |     2 ||    23
         Distracted        |       |       |     2 |     2 ||     4
         Held in net/web   |       |       |       |     5 ||     5
 Armour: Leather armour    |    10 |    41 |       |       ||    51
         Ring mail         |       |    89 |   116 |    46 ||   251
  Dodge: Dodged            |    11 |   186 |   219 |   281 ||   697
         Repelled          |       |       |       |     4 ||     4

Table legend: (Time is in decaauts)
 A = Elapsed time spent in this place.
 B = Non-inter-level travel time spent in this place.
 C = Inter-level travel time spent in this place.
 D = Time resting spent in this place.
 E = Time spent auto-exploring this place.
 F = Levels seen in this place.
 G = Mean time per level.
                   A        B        C        D        E       F      G
               +--------+--------+--------+--------+--------+-----+--------+
         Total |  16470 |  15244 |   1226 |   2278 |   8637 |  13 | 1266.9 |
       Dungeon |  14047 |  12924 |   1123 |   1774 |   7377 |  11 | 1277.0 |
          Lair |   2422 |   2319 |    103 |    504 |   1259 |   2 | 1211.0 |
               +--------+--------+--------+--------+--------+-----+--------+

Top non-repeatable levels by time:
     D:2: 1925 daAuts
    D:10: 1910 daAuts
     D:7: 1839 daAuts
  Lair:1: 1713 daAuts
     D:4: 1479 daAuts
     D:6: 1355 daAuts
     D:5: 1284 daAuts
     D:9: 1199 daAuts
     D:8: 1182 daAuts
     D:3: 851 daAuts
  Lair:2: 709 daAuts
     D:1: 684 daAuts
    D:11: 335 daAuts
